 Dungeon Crawl Stone Soup version 0.23-a0-389-g4a5eb33 (webtiles) character file.

1132 MisterFreud the Spear-Bearer (level 8, 0/58 HPs)
             Began as a Merfolk Abyssal Knight on Oct 29, 2018.
             Was an Elder of Lugonu.
             Succumbed to a water moccasin's poison
             ... on level 4 of the Dungeon.
             The game lasted 00:24:32 (3833 turns).

MisterFreud the Spear-Bearer (MfAK)                 Turns: 3833, Time: 00:24:33

Health: 0/58       AC:  6    Str: 12    XL:     8   Next: 36%
Magic:  10/10      EV: 18    Int: 11    God:    Lugonu [****..]
Gold:   164        SH:  0    Dex: 16    Spells: 7/7 levels left

rFire    . . .     SeeInvis +   a - +1 spear
rCold    + . .     Gourm    .   (no shield)
rNeg     . . .     Faith    .   b - +0 leather armour
rPois    .         Spirit   .   x - +0 helmet
rElec    .         Reflect  .   m - +0 cloak
rCorr    .         Harm     .   n - +0 pair of gloves
MR       .....                  (no boots)
Stlth    +.........             (no amulet)
HPRegen  0.19/turn              j - ring of protection from cold
MPRegen  0.12/turn              h - ring of see invisible

@: lethally poisoned (0 -> -6)
A: change form in water, swift swim, stealthy swim
a: Depart the Abyss, Bend Space, Banish, Corrupt, Renounce Religion


You were on level 4 of the Dungeon.
You worshipped Lugonu.
Lugonu was greatly pleased with you.
You were not hungry.

You visited 1 branch of the dungeon, and saw 4 of its levels.
You visited the Abyss 1 time.
You also visited: Sewer.

You collected 164 gold pieces.

Inventory:

Hand Weapons
 a - a +1 spear (weapon)
Missiles
 d - 193 stones (quivered)
 i - 61 arrows
Armour
 b - a +0 leather armour (worn)
 m - a +0 cloak (worn)
 n - a +0 pair of gloves (worn)
 o - a +0 large shield
 x - a +0 helmet (worn)
Jewellery
 h - a ring of see invisible (right hand)
 j - a ring of protection from cold (left hand)
 y - a +3 ring of intelligence
Wands
 z - a wand of random effects (22)
Scrolls
 f - 6 scrolls of remove curse
 g - a scroll of magic mapping
 p - 3 scrolls of fog
Potions
 e - a potion of degeneration
 k - a potion of flight
 l - a potion of magic
 r - 3 potions of brilliance
 t - 3 potions of might
Comestibles
 c - 8 rations
 w - 3 chunks of flesh


   Skills:
 - Level 3.2 Fighting
 + Level 9.3 Polearms
 - Level 0.6 Armour
 + Level 9.2 Dodging
 + Level 3.7 Invocations


You had 7 spell levels left.
You didn't know any spells.
Your spell library was empty.

Dungeon Overview and Level Annotations

Branches:
Dungeon (4/15)
 Temple: D:4-7

Altars:
Cheibriados
Wu Jian
The Shining One

Shops:
D:4 **

Annotations:
D:4 3 runed doors, feelmyfire's ghost, amateur OpTm


Message History

Okay, then.
There is a lethal amount of poison in your body!
You are too injured to fight recklessly!
You are too injured to fight recklessly!
There is a lethal amount of poison in your body!
* * * LOW HITPOINT WARNING * * *
You feel sick.
* * * LOW HITPOINT WARNING * * *
You feel sick.
You see here a robe.
* * * LOW HITPOINT WARNING * * *
You feel sick.
* * * LOW HITPOINT WARNING * * *
You feel sick.
Unknown command.
* * * LOW HITPOINT WARNING * * *
You feel sick.
* * * LOW HITPOINT WARNING * * *
You feel sick.
You die...

#.# #.##.#............l.#
#.######.##.#.###.##...###p#
#.#.....(##....#...###.# #.#
#.#.###..##............# #l#
#.#.# #..##.......[###.###p####
#.#.# #............# #.........
###.#.####.##........#
###p###.##
.......p##.##.....########.# #p#
###.............@........#.###.#
###.#.#.###....#######.#.....#
#.#.............. #.##p####
#.###.###[####### #.##.##### ..#
#p# #.# #...#..... # ### #.# #.#
### ####.##.## # #. #.# #..
#....##.## #.# #.####.##.##..#
#.# #.#............


There were no monsters in sight!

Vanquished Creatures
  Pikel (D:4)
  A water moccasin (D:4)
  2 centaurs
  A bullfrog (Sewer)
  A howler monkey (D:4)
  A hound (D:4)
  An orc wizard (D:3)
  A hound skeleton (D:4)
  Robin (D:3)
  8 adders
  2 river rats (Sewer)
  3 oozes
  4 worms
  3 dart slugs (D:1)
  4 leopard geckos
  9 orcs (D:3)
  9 giant cockroaches
  12 hobgoblins
  2 jackals (D:4)
  3 kobolds
  9 ball pythons
  7 bats
  7 frilled lizards
  14 goblins
  32 rats
138 creatures vanquished.

Vanquished Creatures (others)
  A slave (D:4)
  A jelly (D:4)
  2 leopard geckos (D:4)
  A ball python (D:4)
5 creatures vanquished.

Grand Total: 143 creatures vanquished

Notes
Turn   | Place    | Note
-------+----------+-------------------------------------------
     0 | Abyss:1  | MisterFreud the Merfolk Abyssal Knight began the quest for
                  | the Orb.
     0 | Abyss:1  | Reached XP level 1. HP: 18/18 MP: 2/2
    57 | Abyss:1  | Noticed an ancient zyme
    58 | D:1      | Escaped the Abyss
   220 | D:1      | Reached XP level 2. HP: 24/24 MP: 3/3
   229 | D:1      | Reached * piety under Lugonu
   438 | D:1      | Reached skill level 5 in Polearms
   438 | D:1      | Reached XP level 3. HP: 29/29 MP: 4/4
  1245 | D:2      | You fall through a shaft for 2 floors!
  1248 | D:4      | Found a runed gate.
  1248 | D:4      | Found a runed gate.
  1248 | D:4      | Found a runed gate.
  1323 | D:4      | Reached XP level 4. HP: 31/35 MP: 5/5
  1336 | D:4      | Noticed a centaur
  1352 | D:4      | Killed a centaur
  1352 | D:4      | Reached XP level 5. HP: 6/41 MP: 6/6
  1525 | D:4      | Found an ornate altar of the Wu Jian Council.
  1526 | D:4      | Found a glowing golden altar of the Shining One.
  1548 | D:4      | Found Wameimorph's Serpentskin Sales.
  1548 | D:4      | Noticed a water moccasin
  1549 | D:4      | Noticed a water moccasin
  1565 | D:4      | Noticed a slave
  1566 | D:4      | Noticed a slave
  1566 | D:4      | Noticed a slave
  1566 | D:4      | Noticed Pikel
  1590 | D:4      | Noticed a slave
  1705 | D:4      | Killed Pikel
  1705 | D:4      | Reached XP level 6. HP: 33/47 MP: 7/7
  1705 | D:4      | Reached XP level 7. HP: 36/52 MP: 8/8
  1813 | D:4      | Found Oxtil's General Store.
  1853 | D:4      | Reached ** piety under Lugonu
  1860 | D:4      | Found a glowing drain.
  1903 | Sewer    | Entered a sewer
  2212 | Sewer    | Reached *** piety under Lugonu
  2334 | Sewer    | HP: 1/52 [bullfrog (7)]
  2668 | D:4      | Reached XP level 8. HP: 47/58 MP: 8/10
  3326 | D:3      | Found a snail-covered altar of Cheibriados.
  3433 | D:3      | Noticed Robin
  3463 | D:3      | Killed Robin
  3477 | D:3      | Reached **** piety under Lugonu
  3744 | D:4      | Noticed feelmyfire's ghost (amateur OpTm)
  3831 | D:4      | HP: 2/58 [poisoned by a water moccasin]
  3833 | D:4      | Succumbed to a water moccasin's poison

Vault maps used:
D:1:      nzn_arrival_crosshair
D:2:      serial_park_tiny_pond, st_stairs_7, minmay_misc_feat_doors
D:3:      cheibriados_altar_1, first_ration, corexii_shack, uniq_robin
D:4:      chequers_temple_overflow_statue_of_worship, portal_sewer_entry_f,
          gammafunk_ghost_icy, serial_shops, nicolae_shop_trees,
          guppyfry_shop_venom, uniq_pikel
Sewer:    sewer_minmay_w

Skill      XL: |  1  2  3  4  5  6  7  8 |
---------------+-------------------------+-----
Polearms       | 4 5 6 7 8 9 |  9.3
Dodging        | 8 9 |  9.2
Invocations    | 3 |  3.7
Fighting       | |  3.2
Armour         | |  0.6

Action                   |  1- 3 |  4- 6 |  7- 9 || total
-------------------------+-------+-------+-------++-------
Melee: Spear             |   156 |    77 |   402 ||   635
       Tailslap          |       |       |    14 ||    14
Invok: Depart the Abyss  |     1 |       |       ||     1
  Use: Potion            |       |     6 |     3 ||     9
       Scroll            |       |     5 |    11 ||    16
  Eat: Chunk             |     1 |     1 |     8 ||    10
Armor: Leather armour    |    34 |    20 |    33 ||    87
Dodge: Dodged            |    63 |    37 |   197 ||   297

Table legend:
 A = Non-vault XP
 B = Vault XP
 C = Vault XP percentage of total XP
 D = Non-vault monster count
 E = Vault monster count
 F = Vault count percentage of total count
                 A         B        C        D         E       F
            +---------+---------+-------+---------+---------+-------
      Total |     585 |    1033 |  63.8 |      75 |      63 |  45.7
            +---------+---------+-------+---------+---------+-------
        D:1 |      39 |       0 |   0.0 |      19 |       0 |   0.0
        D:2 |      37 |       0 |   0.0 |      18 |       0 |   0.0
        D:3 |     260 |      39 |  13.0 |      30 |      14 |  31.8
        D:4 |     249 |     786 |  75.9 |       8 |       7 |  46.7
      Sewer |       0 |     208 | 100.0 |       0 |      42 | 100.0
            +---------+---------+-------+---------+---------+-------
